 Dungeon Crawl Stone Soup version 0.29-a0-1009-g60c99734e7 (webtiles) character file.

Game seed: 17216138361482595573

6 spaghetti the Insei (level 1, 0/14 HPs)
             Began as a Tengu Chaos Knight on Aug 9, 2022.
             Was a Plaything of Xom.
             Slain by a jackal (2 damage)
             ... on level 1 of the Dungeon.
             The game lasted 00:00:16 (102 turns).

spaghetti the Insei (Tengu Chaos Knight)             Turns: 102, Time: 00:00:17

Health: 0/14       AC:  5    Str: 12    XL:     1   Next: 90%
Magic:  2/2        EV: 11    Int: 12    God:    Xom [..*...]
Gold:   0          SH:  0    Dex: 13    Spells: 0/0 levels left

rFire   . . .      SeeInvis .     - Unarmed
rCold   . . .      Faith    .   (no shield)
rNeg    . . .      Spirit   .   a - +2 leather armour
rPois   .          Reflect  .   (helmet restricted)
rElec   .          Harm     .   (no cloak)
rCorr   .          Rampage  .   (no gloves)
Will    .....                   (boots unavailable)
Stlth   +.........              (no amulet)
HPRegen 0.04/turn               (no ring)
MPRegen 0.08/turn               (no ring)

@: no status effects
A: beak, talons 3
a: Renounce Religion


You were on level 1 of the Dungeon.
You worshipped Xom.
You were a toy of Xom.
You visited 1 branch of the dungeon, and saw 1 of its levels.


Innate Abilities, Weirdness & Mutations

You have a beak for a mouth.
You have claws for feet.


   Skills:
 + Level 3.2 Fighting
 - Level 2.1 Armour
 - Level 1.1 Dodging
 + Level 3.5 Unarmed Combat


You couldn't memorise any spells.
You didn't know any spells.
Your spell library was empty.

Inventory:

Armour
 a - a +2 leather armour (worn)
Miscellaneous
 b - a piece from Xom's chessboard (15/15) (quivered)

Dungeon Overview and Level Annotations

Branches:
Dungeon (1/15) Zot: 5898

Altars:

###.....##.###
........##.#.##
........##.#..
...........#.#
......K..#...# #.#
.........#...# #.#
.......Kh#...# #.#
........h#[#.#### ..+
.......hb@.#....###.#
...#######.#..††..#.##+#
.. #.#.####.#.##.# .
#...# #....##.# #.#.#
#.......#
#.#.###.###.###
#.#.....###..####
..#.#............
###........#.....


You could see 3 jackals, a bat and 2 kobolds.


Message History

You hit the rat.
You kill the rat!
You see here a rat corpse.
You are too injured to fight recklessly!
Key pressed, stopping explore.
You see here a +0 scale mail of cold resistance. 😎 HP[+2]
Your hp is fully restored (14).
A jackal comes into view.
The jackal barks!
You hear a bark!
A jackal comes into view.
There are monsters nearby!
A jackal comes into view.
The jackal moves out of view.
You hit the jackal but do no damage. The jackal closely misses you.
A ball python comes into view.
The jackal barely misses you. The jackal closely misses you.
The ball python hisses angrily.
You hit the jackal but do no damage. Your punch misses the jackal.
You hear a bark!
The jackal bites you but does no damage. x2
You hit the jackal. The jackal bites you.
The jackal closely misses you. 😕 HP[-2]
You take 2 damage, and now have 12/14 hp.
You are too injured to fight recklessly!
You are too injured to fight recklessly!
You are too injured to fight recklessly!
You are too injured to fight recklessly!
You are too injured to fight recklessly!
You are too injured to fight recklessly!
You are too injured to fight recklessly!
You are too injured to fight recklessly!
You are too injured to fight recklessly!
You are too injured to fight recklessly!
You are too injured to fight recklessly!
You are too injured to fight recklessly!
You are too injured to fight recklessly!
You are too injured to fight recklessly!
Unknown command.
You closely miss the jackal. The jackal bites you.
The jackal bites you but does no damage.
The jackal barely misses you. The jackal closely misses you. 😮 HP[-2]
You take 2 damage, and now have 10/14 hp.
You hit the jackal.
You kill the jackal!
The jackal misses you.
A jackal comes into view.
You closely miss the ball python.
The jackal barks!
The ball python barely misses you. x2
The jackal bites you but does no damage.
The ball python bites you. The ball python misses you. 😮 HP[-1]
You take 1 damage, and now have 9/14 hp.
You hit the ball python. Your kick misses the ball python.
You peck the ball python, but do no damage.
The jackal completely misses you.
A kobold comes into view. It is wielding a +0 dagger.
A kobold comes into view. It is wielding a +0 short sword.
The ball python bites you.
* * * LOW HITPOINT WARNING * * *
The ball python closely misses you. 😨 HP[-3]
You take 3 damage, and now have 6/14 hp.
MASSIVE DAMAGE!! (PAUSE)
You completely miss the ball python.
The kobold shouts! x2
You claw the ball python. You peck the ball python.
You kill the ball python!
The kobold throws a stone.
The stone closely misses you.
You hit the jackal.
The jackal bites you but does no damage.
The jackal barely misses you.
You hit the jackal. Your peck misses the jackal.
A bat comes into view.
The jackal bites you but does no damage. x2
You closely miss the jackal. You claw the jackal.
The jackal closely misses you. The jackal misses you. x2
The jackal bites you but does no damage.
The jackal closely misses you. The jackal barely misses you.
You closely miss the jackal. The jackal barely misses you.
The jackal bites you.
* * * LOW HITPOINT WARNING * * *
The jackal barely misses you. 😱 HP[-3]
You take 3 damage, and now have 3/14 hp.
MASSIVE DAMAGE!! (PAUSE)
The jackal attacks as you move away! The jackal bites you.
* * * LOW HITPOINT WARNING * * *
The jackal attacks as you move away! The jackal barely misses you. 😱 HP[-2]
You take 2 damage, and now have 1/14 hp.
The jackal attacks as you move away! The jackal barely misses you.
The bat hits you but does no damage.
The jackal bites you but does no damage. 😱 HP[+1] Unknown command.
The jackal attacks as you move away! The jackal bites you.
You die...

Action                   || total
-------------------------++-------
Melee: Unarmed           ||    16
       Peck              ||     3
       Kick              ||     2
Armor: Leather armour    ||    11
Dodge: Dodged            ||    24

Levels and vault maps discovered:
D:1:      minmay_arrival_radiant_lines, layout_basic, basic_ecumenical_altar,
          minmay_tetromino_i2

Notes
Turn   | Place    | Note
-------+----------+-------------------------------------------
     0 | D:1      | spaghetti the Tengu Chaos Knight began the quest for the
                  | Orb.
     0 | D:1      | Reached XP level 1. HP: 14/14 MP: 2/2
     0 | D:1      | magus.rc [v1.9.6]
    99 | D:1      | HP: 3/14 [jackal (3)]
   100 | D:1      | HP: 1/14 [jackal (2)]
   102 | D:1      | Slain by a jackal

Vanquished Creatures
  2 ball pythons (D:1)
  A bat (D:1)
  A jackal (D:1)
  A rat (D:1)
5 creatures vanquished.

Table legend:
 A = Non-vault XP
 B = Vault XP
 C = Vault XP percentage of total XP
 D = Non-vault monster count
 E = Vault monster count
 F = Vault count percentage of total count
                 A         B        C        D         E       F
            +---------+---------+-------+---------+---------+-------
      Total |       6 |       3 |  33.3 |       3 |       2 |  40.0
            +---------+---------+-------+---------+---------+-------
        D:1 |       6 |       3 |  33.3 |       3 |       2 |  40.0
            +---------+---------+-------+---------+---------+-------

Illustrated notes

Table legend:
 A = Kills in this place as a percentage of kills in entire the game.
 B = Kills by you in this place as a percentage of kills by you in the entire game.
 C = Kills by friends in this place as a percentage of kills by friends in the entire game.
 D = Other kills in this place as a percentage of other kills in the entire game.
 E = Experience gained in this place as a percentage of experience gained in the entire game.
 F = Experience gained in this place divided by the number of levels of this place that you have seen.
                   A       B       C       D       E      F
               +-------+-------+-------+-------+-------+----------------------
         Total | 100.0 | 100.0 |   N/A |   N/A | 100.0 |   9.0
       Dungeon | 100.0 | 100.0 |   N/A |   N/A | 100.0 |   9.0
               +-------+-------+-------+-------+-------+----------------------

Table legend: (Time is in decaauts)
 A = Elapsed time spent in this place.
 B = Non-inter-level travel time spent in this place.
 C = Inter-level travel time spent in this place.
 D = Time resting spent in this place.
 E = Time spent auto-exploring this place.
 F = Levels seen in this place.
 G = Mean time per level.
                   A        B        C        D        E       F      G
               +--------+--------+--------+--------+--------+-----+--------+
         Total |    101 |    101 |      0 |      0 |     70 |   1 |  101.0 |
       Dungeon |    101 |    101 |      0 |      0 |     70 |   1 |  101.0 |
               +--------+--------+--------+--------+--------+-----+--------+

Top non-repeatable levels by time:
     D:1: 101 daAuts
